Map: Clair de lune fanatique EC (Void)

Players

CannotQuitSC

  • Race: Terran Terran
  • League: Silver

AgCl - Winner!

  • Race: Protoss Protoss
  • League: Gold

VOD

Have the link to the VOD?

Description

Time

  • Played on: July 18, 2015, 1:27 a.m.
  • Length: 18:45
Show
View Real Time Build Order
Export as new Build Order

CannotQuitSC Terran 

Build Orders: MMM Bio 

Get SALT Encoding   

  12  0:01  SCV  
  13  0:13  SCV  
  14  0:21  Supply Depot  
  14  0:25  SCV  
  15  0:43  SCV  
  15  0:48  Barracks  
  16  0:50  Refinery  
  16  0:55  SCV  
  17  1:07  SCV  
  18  1:19  SCV  
  18  1:23  Supply Depot  
  20  1:35  Orbital Command  
  19  1:41  Barracks Reactor  
  19  2:02  SCV  
  19  2:06  Command Center  
  19  2:17  Marine x2  
  19  2:20  SCV  
  22  2:35  Marine x2  
  22  2:49  Refinery  
  22  2:51  SCV  
  22  2:53  Factory, Marine x2  
  25  3:03  SCV  
  26  3:08  Supply Depot  
  26  3:10  Marine x2  
  26  3:12  Barracks  
  28  3:28  SCV  
  28  3:31  Marine x2  
  31  3:35  Orbital Command  
  31  3:44  Starport  
  31  3:48  Factory Reactor  
  31  3:54  SCV  
  32  4:09  SCV  
  33  4:10  Barracks Tech Lab  
  33  4:14  SCV  
  33  4:15  Liberator x2  
  34  4:18  Supply Depot  
  34  4:29  SCV  
  37  5:00  SCV  
  37  5:05  Stimpack, Marine x2  
  41  5:09  Orbital Command  
  41  5:14  SCV  
  41  5:23  Marine x3  
  41  5:26  SCV  
  41  5:27  Barracks  
  45  5:37  SCV  
  45  5:38  SCV  
  45  5:41  Marine  
  48  5:43  Marauder  
  48  5:45  Engineering Bay  
  50  5:50  SCV  
  50  5:52  SCV  
  50  5:53  Medivac x2  
  56  6:01  Marine x2  
  56  6:02  Supply Depot, SCV  
  59  6:05  SCV  
  60  6:11  Marine  
  60  6:14  SCV  
  62  6:23  SCV  
  60  6:29  Marine  
  60  6:30  Viking x2  
  60  6:31  SCV, Marine  
  60  6:32  Marine  
  68  6:35  SCV  
  68  6:36  Barracks  
  68  6:38  Barracks Reactor  
  69  6:41  Terran Infantry Weapons Level 1  
  69  6:43  SCV  
  70  6:49  Refinery x2  
  70  6:52  Supply Depot  
  70  6:57  Supply Depot  
  70  7:01  Supply Depot  
  70  7:05  Missile Turret  
  70  7:08  SCV  
  70  7:13  Marine x3  
  70  7:14  SCV  
  70  7:31  Marine x2  
  69  7:45  Viking, Marine  
  69  7:46  Marine  
  69  7:47  SCV  
  69  7:49  Marine x2  
  76  7:59  Command Center  
  76  8:01  SCV  
  76  8:03  Marine x2  
  76  8:05  Supply Depot  
  79  8:07  Supply Depot, Marine x2  
  79  8:08  Marine  
  79  8:09  Combat Shields, Marine  
  79  8:11  SCV  
  84  8:19  SCV  
  85  8:21  Marine  
  86  8:30  SCV  
  86  8:31  SCV, Marine  
  86  8:32  Viking, Marine  
  90  8:51  Marine x2  
  91  8:56  Marine  
  80  9:16  Missile Turret  
  75  9:20  Orbital Command  
  75  9:23  SCV  
  76  9:24  Viking x2  
  76  9:25  Marine x5  
  76  9:29  Barracks Reactor  
  76  9:30  Terran Infantry Armor Level 1  
  85  9:37  Missile Turret  
  85  9:42  Marine  
  85  9:43  Marine x2  
  88  9:46  SCV  
  88  9:47  Missile Turret  
  88  9:51  Engineering Bay  
  88  9:52  SCV x2  
  91  9:55  Marine x2  
  91  9:57  Viking  
  91  9:58  SCV  
  96  10:00  Marine x2  
  96  10:02  Armory, Marine  
  96  10:05  Marine  
  96  10:06  SCV  
  101  10:08  Marine  
  101  10:11  Viking  
  101  10:12  Marine  
  105  10:17  SCV x2  
  107  10:22  Marine x2  
  109  10:31  Starport, Medivac  
  109  10:33  Marine x2  
  109  10:34  Marine x3  
  116  10:35  SCV  
  116  10:41  Viking  
  116  10:42  SCV  
  120  10:43  SCV  
  121  10:53  Marine x3  
  124  11:07  SCV  
  125  11:12  Marine  
  125  11:13  SCV, Supply Depot  
  125  11:15  Supply Depot, Hi-Sec Auto Tracking  
  125  11:17  Marine x2  
  125  11:18  SCV  
  105  11:57  Marine x3  
  105  11:58  Marine  
  97  12:12  SCV, Building Armor  
  97  12:13  Viking x2  
  97  12:14  Starport Reactor  
  96  12:17  SCV x2  
  96  12:18  Starport  
  96  12:22  Command Center  
  95  12:24  Command Center, SCV  
  95  12:32  Marine x2  
  95  12:33  Missile Turret, Marine x5  
  95  12:34  Missile Turret  
  95  12:35  SCV  
  95  12:36  SCV  
  101  12:43  Viking x2  
  104  12:50  Marine x4  
  104  12:51  Marauder, Marine  
  109  12:52  Terran Ship Weapons Level 1  
  109  12:53  SCV  
  109  12:54  SCV  
  112  13:02  Starport Tech Lab  
  112  13:10  Marine x2  
  114  13:13  Viking x2, Marauder  
  114  13:17  Armory  
  120  13:21  Viking  
  120  13:22  Viking  
  124  13:30  SCV, Fusion Core  
  125  13:34  Marauder  
  121  13:50  Marine x3  
  121  13:51  SCV  
  121  13:57  Planetary Fortress  
  121  13:58  Planetary Fortress  
  117  14:07  Viking x2, Marine  
  121  14:17  Terran Vehicle And Ship Armor Level 1  
  121  14:18  Marine  
  121  14:19  Marine  
  121  14:21  Battlecruiser  
  121  14:23  SCV  
  130  14:31  Command Center  
  130  14:38  Refinery  
  130  14:41  Refinery  
  130  14:42  SCV  
  131  14:51  Viking x2  
  135  14:54  Viking x2  
  135  14:57  Terran Ship Weapons Level 2  
  135  14:59  Marine x2  
  141  15:03  SCV  
  142  15:25  Missile Turret  
  142  15:26  Missile Turret  
  142  15:28  Missile Turret  
  142  15:29  Battlecruiser, Missile Turret  
  142  15:32  Weapon Refit  
  142  15:33  Missile Turret, Marine x4  
  140  16:06  Viking x2, Marine x2  
  140  16:07  Marine x5  
  151  16:14  Terran Vehicle And Ship Armor Level 2  
  151  16:32  Command Center  
  151  16:36  Missile Turret  
  151  16:38  Battlecruiser  
  151  16:39  Marine x3  
  159  17:19  Orbital Command  
  159  17:29  Marine  
  159  17:30  Marine x2  
  159  17:31  Viking  
  159  17:32  Viking  
  159  17:33  Marine  
  167  17:37  Missile Turret  
  167  17:38  Marine  
  167  17:40  Missile Turret  
  167  17:42  Missile Turret  
  168  17:55  SCV  
Show
View Real Time Build Order
Export as new Build Order

AgCl Protoss - Winner!

Build Orders: Oracle Opening, Carrier Rush 

Get SALT Encoding   

  12  0:14  Probe, Pylon  
  14  0:35  Gateway  
  14  0:38  Probe (Chrono Boost), Assimilator  
  14  0:48  Probe (Chrono Boost)  
  15  0:55  Probe  
  16  1:08  Probe  
  16  1:10  Pylon  
  17  1:20  Assimilator  
  17  1:22  Zealot (Chrono Boost)  
  17  1:23  Probe  
  20  1:31  Cybernetics Core  
  20  1:35  Probe (Chrono Boost)  
  21  1:46  Probe (Chrono Boost)  
  22  1:52  Probe (Chrono Boost)  
  23  2:04  Probe (Chrono Boost)  
  24  2:15  Stargate  
  26  2:16  Mothership Core (Chrono Boost)  
  26  2:19  Warp Gate  
  26  2:31  Probe  
  25  2:47  Probe (Chrono Boost)  
  25  2:50  Nexus  
  26  2:57  Probe (Chrono Boost)  
  27  2:58  Pylon  
  27  3:02  Oracle  
  30  3:16  Probe, Pylon  
  31  3:28  Probe  
  32  3:41  Probe  
  34  3:57  Nexus  
  33  4:05  Fleet Beacon  
  34  4:14  Probe (Chrono Boost)  
  34  4:15  Probe (Chrono Boost)  
  35  4:21  Probe (Chrono Boost)  
  37  4:25  Probe (Chrono Boost)  
  37  4:26  Pylon  
  38  4:31  Probe (Chrono Boost), Carrier (Chrono Boost)  
  38  4:35  Probe (Chrono Boost)  
  38  4:37  Probe  
  40  4:45  Probe  
  41  4:50  Probe  
  39  4:56  Graviton Catapult  
  39  4:58  Probe  
  46  5:03  Probe  
  46  5:04  Assimilator  
  47  5:08  Assimilator  
  47  5:09  Probe  
  47  5:10  Probe  
  47  5:13  Protoss Air Weapons Level 1 (Chrono Boost)  
  49  5:15  Probe (Chrono Boost)  
  51  5:22  Probe (Chrono Boost)  
  51  5:25  Probe (Chrono Boost)  
  53  5:33  Probe x2 (Chrono Boost)  
  55  5:36  Probe (Chrono Boost)  
  55  5:37  Carrier (Chrono Boost)  
  55  5:38  Forge  
  55  5:40  Probe, Pylon  
  57  5:48  Gateway  
  58  5:52  Probe (Chrono Boost)  
  65  6:04  Probe x2 (Chrono Boost)  
  65  6:07  Probe (Chrono Boost)  
  66  6:11  Pylon  
  66  6:14  Probe x2 (Chrono Boost), Assimilator x2  
  66  6:17  Probe (Chrono Boost)  
  69  6:28  Stargate  
  69  6:30  Robotics Facility  
  69  6:31  Pylon  
  70  6:33  Carrier (Chrono Boost)  
  70  6:36  Photon Cannon  
  69  6:41  Photon Cannon x2  
  69  6:44  Probe  
  69  6:46  Pylon  
  69  6:47  Probe  
  71  6:56  Probe  
  71  6:59  Probe  
  79  7:01  Probe  
  78  7:09  Carrier (Chrono Boost)  
  72  7:32  Probe x2  
  80  7:42  Probe  
  75  7:45  Oracle (Chrono Boost)  
  75  7:47  Adept x2  
  75  7:48  Pylon  
  82  7:52  Photon Cannon  
  82  7:54  Photon Cannon  
  82  7:55  Gateway, Pylon  
  85  7:58  Probe (Chrono Boost), Observer  
  85  7:59  Gateway  
  85  8:01  Pylon  
  85  8:03  Probe x2 (Chrono Boost)  
  86  8:07  Probe (Chrono Boost)  
  86  8:10  Protoss Ground Weapons Level 1 (Chrono Boost)  
  87  8:14  Carrier (Chrono Boost)  
  87  8:17  Twilight Council  
  87  8:19  Pylon  
  88  8:20  Observer (Chrono Boost)  
  88  8:23  Gateway  
  88  8:32  Protoss Air Weapons Level 2  
  88  8:33  Probe x2 (Chrono Boost)  
  97  8:38  Probe (Chrono Boost)  
  97  8:45  Mothership Core (Chrono Boost)  
  97  8:47  Probe (Chrono Boost)  
  101  8:50  Adept  
  101  8:51  Adept  
  101  8:54  Probe  
  103  8:59  Probe  
  96  9:19  Nexus, Pylon  
  96  9:28  Nexus  
  96  9:29  Pylon  
  96  9:32  Dark Shrine  
  96  9:38  Carrier (Chrono Boost)  
  99  9:45  Oracle (Chrono Boost)  
  99  9:47  Probe  
  100  9:55  Probe  
  100  9:59  Probe  
  108  10:01  Carrier (Chrono Boost)  
  108  10:02  Shield Upgrade  
  108  10:07  Probe  
  108  10:11  Probe  
  110  10:19  Probe  
  117  10:24  Probe  
  117  10:26  Carrier (Chrono Boost)  
  118  10:31  Probe  
  119  10:36  Probe x2  
  119  10:37  Pylon  
  119  10:40  Gateway  
  118  10:49  Assimilator  
  126  10:57  Templar Archives  
  124  10:58  Assimilator  
  124  11:00  Pylon  
  124  11:02  Photon Cannon  
  124  11:03  Photon Cannon  
  124  11:06  Protoss Air Weapons Level 3 (Chrono Boost)  
  124  11:19  Pylon  
  124  11:34  Adept x4  
  118  11:42  Dark Templar  
  120  11:53  Pylon  
  114  11:55  Pylon  
  114  11:57  Dark Templar x4  
  108  12:08  Carrier x2 (Chrono Boost)  
  102  12:17  Adept  
  102  12:26  Gateway  
  102  12:27  Probe  
  102  12:28  Gateway  
  101  12:30  Pylon  
  101  12:33  Adept  
  101  12:34  Adept  
  101  12:35  Probe  
  118  12:39  Probe  
  119  12:46  Adept  
  121  12:51  Nexus  
  121  12:54  Protoss Ground Weapons Level 2 (Chrono Boost)  
  121  12:55  Gateway, Pylon, Assimilator  
  121  12:57  Gateway  
  121  13:00  Psionic Storm  
  121  13:03  Pylon  
  121  13:11  Pylon  
  121  13:14  Pylon  
  121  13:18  Gateway  
  121  13:19  Stargate  
  121  13:20  Protoss Air Armor Level 1 (Chrono Boost), Pylon  
  121  13:21  Photon Cannon  
  121  13:22  Adept x2  
  121  13:23  Adept  
  127  13:36  Carrier (Chrono Boost)  
  127  13:44  Carrier (Chrono Boost), Photon Cannon  
  127  13:45  Carrier (Chrono Boost)  
  127  13:49  High Templar x2, Assimilator  
  127  13:50  High Templar x2  
  147  14:11  Photon Cannon  
  147  14:12  Photon Cannon  
  147  14:13  Pylon  
  147  14:28  Gateway  
  147  14:31  Gateway  
  147  14:47  Carrier (Chrono Boost)  
  147  14:50  Dark Templar x4  
  147  14:52  Carrier (Chrono Boost)  
  155  14:54  Archon x2  
  155  14:56  Adept x2  
  171  15:15  Probe  
  168  15:21  Adept x2  
  168  15:28  Adept  
  174  15:38  Pylon  
  174  15:40  Gateway  
  172  15:44  Adept x2  
  176  15:51  Pylon  
  176  16:03  Protoss Air Armor Level 2 (Chrono Boost)  
  172  16:05  Forge, Pylon  
  172  16:06  Zealot, Charge  
  172  16:07  Nexus, Zealot x2  
  172  16:08  Assimilator  
  172  16:09  Zealot, Pylon  
  172  16:10  Pylon  
  180  16:12  Assimilator  
  180  16:13  Carrier x2 (Chrono Boost)  
  180  16:18  Protoss Shields Level 1 (Chrono Boost)  
  180  16:21  Forge  
  192  16:45  Robotics Bay  
  186  17:01  Carrier (Chrono Boost)  
  186  17:02  Dark Templar  
  186  17:03  Dark Templar  
  190  17:14  Archon  
  188  17:15  Dark Templar  
  188  17:16  Dark Templar  
  188  17:19  Archon  
  192  17:29  Photon Cannon  
  198  17:32  Pylon  
  198  17:33  Gateway  
  198  17:38  Photon Cannon  
  198  17:39  Gateway  
  198  17:40  Pylon x2  
  198  17:42  Gateway, Dark Shrine  
  198  17:51  Templar Archives  
  182  18:36  Archon  
Tags
 
Add a new tag
Caveats
  • Supply blocks, unpowered buildings, or Contaminate may cause inaccurate times.
  • Supply counts are checked every 10 seconds.